 Dungeon Crawl Stone Soup version 0.29-a0-284-gf9362112df (webtiles) character file.

Game seed: 13869557616711139804

523 siradein the Bolt Thrower (level 7, -6/44 HPs)
             Began as a Gargoyle Hunter on Mar 16, 2022.
             Mangled by an ice beast (13 damage)
             ... on level 5 of the Dungeon.
             The game lasted 00:08:09 (3727 turns).

siradein the Bolt Thrower (Gargoyle Hunter)         Turns: 3727, Time: 00:08:10

Health: -6/44      AC:  9    Str: 14    XL:     7   Next: 22%
Magic:  7/7        EV: 13    Int: 12    God:
Gold:   123        SH:  0    Dex: 19    Spells: 6/6 levels left

rFire   + . .      SeeInvis .   n - +1 flail (vorpal)
rCold   . . .      Faith    .   (no shield)
rNeg    + . .      Spirit   .   m - +0 leather armour
rPois   ∞          Reflect  .   (no helmet)
rElec   +          Harm     .   (no cloak)
rCorr   .          Rampage  .   q - +1 pair of gloves "Vumaorgh" {rF+}
Will    .....                   (no boots)
Stlth   ++........              (no amulet)
HPRegen 0.14/turn               p - +6 ring of dexterity
MPRegen 0.10/turn               (no ring)

@: no status effects
A: sickness immunity, AC +4, negative energy resistance 1, electricity
resistance, torment resistance 1, petrification resistance
a: no special abilities


You were on level 5 of the Dungeon.
You visited 2 branches of the dungeon, and saw 6 of its levels.

You collected 123 gold pieces.

Inventory:

Hand Weapons
 a - a +1 hand crossbow
 b - a +0 short sword of venom
 n - a +1 vorpal flail (weapon)
Armour
 m - a +0 leather armour (worn)
 q - the +1 pair of gloves "Vumaorgh" (worn) {rF+}
   (You found it on level 4 of the Dungeon)

   rF:        It protects you from fire.
Jewellery
 p - a +6 ring of dexterity (left hand)
Wands
 l - a wand of mindburst (15)
Scrolls
 c - a scroll of immolation
 d - 3 scrolls of amnesia {unknown}
 e - a scroll of acquirement {unknown}
 f - 7 scrolls of identify {unknown}
 h - a scroll of noise {unknown}
 k - a scroll of magic mapping {unknown}
 r - a scroll of fear {unknown}
 u - 3 scrolls of fog {unknown}
Potions
 g - 4 potions of curing {unknown}
 i - 2 potions of degeneration {unknown}
 j - a potion of haste {unknown}
 o - a potion of magic {unknown}
 s - a potion of attraction {unknown}
Miscellaneous
 t - a box of beasts


   Skills:
 + Level 5.0 Fighting
 + Level 5.9 Crossbows
 + Level 3.8 Dodging
 - Level 1.1 Stealth


You had 6 spell levels left.
You didn't know any spells.
Your spell library contained the following spells:

 Spells                   Type           Power      Damage    Failure   Level
 Summon Small Mammal      Summ           0%         N/A       38%         1
 Call Canine Familiar     Summ           0%         N/A       77%         3
 Frozen Ramparts          Ice            0%         1d2       77%         3
 Ignite Poison            Fire/Tmut/Pois 0%         N/A       77%         3
 Mephitic Cloud           Conj/Pois/Air  0%         N/A       77%         3
 Summon Guardian Golem    Hex/Summ       0%         N/A       77%         3
 Ice Form                 Ice/Tmut       0%         N/A       99%         4
 Summon Ice Beast         Ice/Summ       0%         N/A       99%         4
 Freezing Cloud           Conj/Ice/Air   0%         6-21      100%        5


Dungeon Overview and Level Annotations

Branches:
Dungeon (5/15)             Temple (1/1) D:4

Altars:
Makhleb
Nemelex Xobeh
Ru
Sif Muna
Trog
Uskayaw
Vehumet
Wu Jian
Yredelemnul
Zin

Shops:
D:2 (   D:4 (

Annotations:
D:3 Grinder


Innate Abilities, Weirdness & Mutations

You are immune to sickness and miasma.
Your stone body is resilient. (AC +4)
You are immune to poison.
You resist negative energy. (rN+)
You are resistant to electric shocks. (rElec)
You are resistant to unholy torment.
You are immune to petrification.


Message History

The ice beast hits you. The ice beast freezes you!
The ice beast barely misses you.
You completely miss the ice beast.
The ice beast is lightly wounded.
The ice beast misses you.
You barely miss the ice beast.
The ice beast is lightly wounded.
The ice beast hits you but does no damage.
You sock the ice beast!
The ice beast is heavily wounded.
The ice beast misses you. x2
You closely miss the ice beast.
The ice beast is heavily wounded.
The ice beast closely misses you.
You sock the ice beast!
The ice beast is almost dead.
The ice beast closely misses you. The ice beast misses you.
You hit the ice beast but do no damage.
The ice beast is almost dead.
The ice beast barely misses you.
You closely miss the ice beast.
The ice beast is almost dead.
The ice beast hits you but does no damage.
You closely miss the ice beast.
The ice beast is almost dead.
The ice beast hits you. The ice beast freezes you! The ice beast misses you.
You are too injured to fight recklessly!
You are too injured to fight recklessly!
You are too injured to fight recklessly!
You hit the ice beast.
The ice beast is almost dead.
The ice beast closely misses you.
You hit the ice beast but do no damage.
The ice beast is almost dead.
The ice beast hits you. The ice beast freezes you!
* * * LOW HITPOINT WARNING * * *
The ice beast hits you.
* * * LOW HITPOINT WARNING * * *
The ice beast freezes you!
You die...

####################
#...................
#...................
...................
...................
######+##.........###
#.......#...≈≈≈≈≈...## #....
#.....@Y..≈≈≈≈≈≈≈≈≈..## #....
#........#≈≈≈≈≈≈≈≈≈#..#
#....#####........####≈≈≈≈≈##...
#...........###..#.#.#≈≈≈≈##.#..
#...........#...≈##..#≈≈≈##.##≈.
#...........#...≈#...#≈≈≈#.## ≈.
#...........#...≈###.#####.## ≈.
#...........+...≈≈#.........# ≈.
#....†......##..≈≈#####.##### ≈.


You could see an ice beast.

Vanquished Creatures
  A black bear (D:5)
  3 scorpions
  A howler monkey (D:4)
  An orc priest (D:3)
  An iguana (D:5)
  An orc wizard (D:4)
  6 adders
  3 worms
  2 dart slugs (D:1)
  8 orcs
  4 ball pythons
  An endoplasm (D:2)
  2 giant cockroaches
  9 goblins
  6 hobgoblins
  2 jackals (D:3)
  10 kobolds
  A quokka (D:5)
  3 bats
  4 frilled lizards
  A rat (D:3)
70 creatures vanquished.

Vanquished Creatures (others)
  A plant (D:4)
1 creature vanquished.

Grand Total: 71 creatures vanquished

Notes
Turn   | Place    | Note
-------+----------+-------------------------------------------
     0 | D:1      | siradein the Gargoyle Hunter began the quest for the Orb.
     0 | D:1      | Reached XP level 1. HP: 12/12 MP: 1/1
   111 | D:1      | Reached XP level 2. HP: 14/18 MP: 2/2
   194 | D:1      | Found a faded altar of an unknown god.
   685 | D:2      | Reached XP level 3. HP: 22/22 MP: 3/3
   930 | D:2      | Found Linosir's Antique Weapon Shop.
  1647 | D:3      | Reached XP level 4. HP: 28/28 MP: 4/4
  1907 | D:3      | Reached XP level 5. HP: 27/32 MP: 5/5
  2080 | D:3      | Noticed Grinder
  2270 | D:4      | You fall into a shaft and drop 1 floor!
  2270 | D:5      | Entered Level 5 of the Dungeon
  2272 | D:5      | Noticed an ogre
  2539 | D:4      | Identified the +1 pair of gloves "Vumaorgh" {rF+}
  2554 | D:4      | Reached skill level 5 in Crossbows
  2599 | D:4      | Found a staircase to the Ecumenical Temple.
  2667 | Temple   | Entered the Ecumenical Temple
  3039 | D:4      | Found Elosuimu's Antique Weapon Boutique.
  3153 | D:4      | Found a burning altar of Makhleb.
  3252 | D:4      | Reached XP level 6. HP: 34/39 MP: 6/6
  3544 | D:5      | Noticed a black bear
  3555 | D:5      | Killed a black bear
  3556 | D:5      | Reached skill level 5 in Fighting
  3556 | D:5      | Reached XP level 7. HP: 37/44 MP: 7/7
  3727 | D:5      | Mangled by an ice beast

Illustrated notes

Levels and vault maps discovered:
D:1:      lightli_iron_boxes, layout_basic, shapermc_ecumenical_altar_notcrosses
D:2:      layout_loops_ring, serial_shops, shop, moated_statue,
          bh_walls_and_bars
D:3:      layout_loops_ring, serial_shops, nicolae_shop_hallway_plus,
          serial_rivers, chequers_serial_rivers_micro_a,
          chequers_serial_rivers_room_a, chequers_serial_rivers_large_b,
          chequers_serial_rivers_small_a, gammafunk_ghost_mausoleum,
          uniq_grinder
D:4:      layout_loops_corners, lemuel_tele_altar,
          minmay_temple_entry_gardened_gates, serial_shops, shop_statue
D:5:      layout_gridville, mainiacjoe_overflow_brackets, nrook_loot_triangle,
          nrook_mini_backslash, grunt_decor_junction, due_unseen_surprise,
          uniq_eustachio
Temple:   compressed_dpeg_triangle_lava_temple

Skill      XL: |  1  2  3  4  5  6 |
---------------+-------------------+-----
Dodging        | 2 3 |  3.8
Fighting       | 3 4 5 |  5.0
Crossbows      | 5 |  5.9
Stealth        | |  1.1

Action                   |  1- 3 |  4- 6 |  7- 9 || total
-------------------------+-------+-------+-------++-------
Melee: Short sword       |       |    17 |       ||    17
       Punch             |       |     1 |       ||     1
       Flail             |       |       |    12 ||    12
 Fire: Hand crossbow     |   111 |   103 |    21 ||   235
Armor: Leather armour    |     7 |    29 |     5 ||    41
Dodge: Dodged            |    14 |    42 |    16 ||    72

Table legend: (Time is in decaauts)
 A = Elapsed time spent in this place.
 B = Non-inter-level travel time spent in this place.
 C = Inter-level travel time spent in this place.
 D = Time resting spent in this place.
 E = Time spent auto-exploring this place.
 F = Levels seen in this place.
 G = Mean time per level.
                   A        B        C        D        E       F      G
               +--------+--------+--------+--------+--------+-----+--------+
         Total |   3828 |   3748 |     80 |      0 |   3051 |   6 |  638.0 |
       Dungeon |   3572 |   3492 |     80 |      0 |   2831 |   5 |  714.4 |
        Temple |    255 |    255 |      0 |      0 |    220 |   1 |  255.0 |
               +--------+--------+--------+--------+--------+-----+--------+

Top non-repeatable levels by time:
     D:4: 1131 daAuts
     D:2: 975 daAuts
     D:1: 698 daAuts
     D:3: 529 daAuts
  Temple: 255 daAuts
     D:5: 236 daAuts
